 Dungeon Crawl Stone Soup version 0.22.0-38-g04b72b8 (webtiles) character file.

67345 poirepourri the Peltast (level 14, 0/138 HPs)
             Began as a Deep Dwarf Fighter on Aug 31, 2018.
             Was a High Priest of Makhleb.
             Slain by a seven-headed hydra (5 damage)
             ... on level 4 of the Swamp.
             The game lasted 00:20:21 (15606 turns).

poirepourri the Peltast (Deep Dwarf Fighter)       Turns: 15606, Time: 00:20:21

Health: 0/138      AC: 20    Str: 20    XL:     14   Next: 82%
Magic:  12/12      EV: 19    Int: 10    God:    Makhleb [*****.]
Gold:   821        SH: 15    Dex: 16    Spells: 13/13 levels left

rFire    . . .     SeeInvis .   a - +10 hand axe "Arcanum" {vamp, rN+}
rCold    . . .     Gourm    .   c - +1 shield
rNeg     + + +     Faith    .   q - +0 swamp dragon scales
rPois    +         Spirit   .   W - +0 helmet
rElec    .         Reflect  .   m - +2 cloak
rCorr    +         Harm     .   F - +2 pair of gloves of the Oligarchy {rN+}
MR       ++...                  (no boots)
Stlth    +.........             (no amulet)
HPRegen  0.00/turn              j - +3 ring of protection
MPRegen  0.13/turn              L - ring of resist corrosion

@: about to teleport, non-regenerating, very slow
A: damage resistance, heal wounds, negative energy resistance 1, sense
surroundings 2, no regeneration
a: Heal Wounds, Minor Destruction, Lesser Servant of Makhleb, Major Destruction,
Greater Servant of Makhleb, Renounce Religion


You were on level 4 of the Swamp.
You worshipped Makhleb.
Makhleb was extremely pleased with you.
You were not hungry.

You visited 4 branches of the dungeon, and saw 21 of its levels.

You collected 1068 gold pieces.
You spent 247 gold pieces at shops.

Inventory:

Hand Weapons
 a - the +10 hand axe "Arcanum" (weapon) {vamp, rN+}
   (You found it on level 5 of the Dungeon)

   It inflicts no extra harm, but heals its wielder when it wounds a living foe.
   It protects you from negative energy.
 b - a +2 flail of holy wrath
Missiles
 i - 183 bolts
 v - 3 throwing nets
 J - 9 tomahawks of returning (quivered)
 Q - 7 javelins
Armour
 c - a +1 shield (worn)
 d - the cursed +0 large shield of Bitterness {Int+3 Stlth+, unknown}
   (You found it on level 3 of the Swamp)

   It affects your intelligence (+3).
   It makes you more stealthy.
   It has a curse placed upon it.
 g - a +0 scale mail of magic resistance
 m - a +2 cloak (worn)
 q - +0 swamp dragon scales (worn)
 w - a +2 chain mail of cold resistance
 F - the +2 pair of gloves of the Oligarchy (worn) {rN+}
   (You acquired it on level 10 of the Dungeon)

   It protects you from negative energy.
 W - a +0 helmet (worn)
Jewellery
 f - an uncursed amulet of faith {unknown}
 j - a +3 ring of protection (left hand)
 k - an uncursed amulet of the gourmand
 o - a +2 amulet of reflection {unknown}
 D - an uncursed amulet of rage {unknown}
 L - a ring of resist corrosion (right hand)
 P - a cursed ring of attention {unknown}
 S - an uncursed amulet of magic regeneration {unknown}
 Z - an uncursed amulet of magic regeneration {unknown}
Wands
 y - a wand of scattershot (12)
 z - a wand of iceblast (7)
 A - a wand of disintegration (15)
 C - a wand of paralysis (14)
 O - a wand of flame (43)
 R - a wand of random effects (25)
 U - a wand of polymorph (45)
Scrolls
 n - 3 scrolls of teleportation
 E - 2 scrolls of fog
 H - 10 scrolls of remove curse
 N - 4 scrolls of magic mapping
 T - a scroll of silence
Potions
 e - 7 potions of flight
 l - 2 potions of berserk rage
 p - 2 potions of haste
 r - a potion of invisibility
 u - a potion of agility
 x - a potion of mutation
 B - a potion of might
 I - 5 potions of curing
 M - 3 potions of lignification
 Y - 2 potions of cancellation
Miscellaneous
 X - a sack of spiders
Comestibles
 h - 9 rations


   Skills:
 - Level 12.2 Fighting
 - Level 14.2 Axes
 - Level 7.1 Armour
 + Level 11.9 Dodging
 - Level 15.5 Shields


You had 13 spell levels left.
You didn't know any spells.
Your spell library contained the following spells:

 Spells                   Type           Power        Failure   Level  Hunger
 Animate Skeleton         Necr           N/A          52%         1    ##.....
 Apportation              Tloc           #.....       52%         1    ##.....
 Confusing Touch          Hex            #.....       52%         1    ##.....
 Flame Tongue             Conj/Fire      #....        52%         1    ##.....
 Infusion                 Chrm           #...         52%         1    ##.....
 Pain                     Necr           #...         52%         1    ##.....
 Summon Small Mammal      Summ           #...         52%         1    ##.....
 Shroud of Golubria       Chrm/Tloc      #.........   65%         2    ###....
 Song of Slaying          Chrm           #.......     65%         2    ###....
 Throw Flame              Conj/Fire      #.....       65%         2    ###....
 Confuse                  Hex            #.......     87%         3    ####...
 Conjure Flame            Conj/Fire      #.......     87%         3    ####...
 Gell's Gravitas          Tloc           #.........   87%         3    ####...
 Inner Flame              Hex/Fire       #.......     87%         3    ####...
 Spectral Weapon          Hex/Chrm       #.......     87%         3    ####...
 Vampiric Draining        Necr           #.........   87%         3    ####...
 Animate Dead             Necr           N/A          99%         4    #####..
 Petrify                  Tmut/Erth      #.......     99%         4    #####..
 Sticky Flame             Conj/Fire      #.......     99%         4    #####..
 Fireball                 Conj/Fire      #.........   100%        5    ######.
 Metabolic Englaciation   Hex/Ice        #.........   100%        5    ######.
 Yara's Violent Unravell  Hex/Tmut       #.........   100%        5    ######.
 Regeneration             Chrm/Necr      Unusable     N/A         3    N/A

Dungeon Overview and Level Annotations

Branches:
Dungeon (11/15)            Temple (1/1) D:4            Lair (5/6) D:11
  Swamp (4/4) Lair:4       Spider (0/4) Lair:3        Slime (0/5) Lair:5
    Orc (0/2) D:9

Altars:
Ashenzari
Cheibriados
Dithmenos
Elyvilon
Fedhas
Gozag
Hepliaklqana
Kikubaaqudgha
Makhleb
Okawaru
Qazlal
Sif Muna
Trog
Uskayaw
Vehumet
Wu Jian
Xom
Yredelemnul
Zin
The Shining One

Shops:
D:9 !

Annotations:
D:6 1 runed door
Lair:2 3 runed doors, teukkam's ghost, journeyman MiBe


Innate Abilities, Weirdness & Mutations

You are resistant to damage.
You can heal yourself by infusing magical energy.
You resist negative energy. (rN+)
You passively map the area around you.
You do not regenerate.


Message History

The seven-headed hydra barely misses you.
You block the seven-headed hydra's attack. x2
The seven-headed hydra bites you but does no damage.
Found an escape hatch in the ceiling.
Why would you want to do that?
Unknown command.
As you read the scroll of teleportation, it crumbles to dust.
You feel strangely unstable. Tree limbs sway around you.
A root smacks you from below.
* * * LOW HITPOINT WARNING * * *
The thorn hunter gestures.
Thorny briars emerge from the ground!
You block the seven-headed hydra's attack.
The seven-headed hydra misses you. The seven-headed hydra bites you!
* * * LOW HITPOINT WARNING * * *
The seven-headed hydra bites you. x2
The seven-headed hydra closely misses you.
The seven-headed hydra bites you!
You die... ♣..♣.Dk≈.♣♣* ≈≈ * ≈ ♣ ♣♣≈≈≈≈.♣♣.<.♣♣.≈≈≈≈≈≈ , ≈ ♣♣♣♣.Di≈≈.♣PPPPPPPPPPP≈≈

≈
.≈.≈.≈≈≈.♣≈.PPPPPPPPP≈≈≈
,≈ ≈,
≈≈v♣§≈≈≈♣♣♣♣≈≈≈≈...§≈≈≈≈
, * 4k.♣♣♣♣♣ ♣.≈≈≈.§≈≈≈ ≈
* ≈iD..♣♣♣ * ♣≈≈≈≈..
≈..≈.♣♣≈.♣ ♣♣♣.≈≈.♣ *♣ ,
≈ v♣..≈♣.≈≈≈♣♣.♣♣≈@♣♣ *
≈♣≈≈
.D....♣..≈♣...♣DDD♣♣♣..≈
≈
..t3≈.♣♣≈3..(♣♣≈..♣.≈≈.v
≈, ≈ !≈≈≈≈.♣
♣≈§..♣♣♣f♣.♣.v≈.
.≈≈≈≈≈♣♣≈♣≈♣≈♣.(F.i.♣≈≈≈≈
≈≈
.≈≈≈.≈....≈....≈)♣≈≈..≈F≈
≈≈,
≈.♣♣♣≈≈.##.##....≈.≈.v≈≈
.D♣ ≈♣##..,##♣:≈♣.≈≈≈Dv≈≈
, * ≈.§ .##.. #≈.≈..≈♣.≈
≈


You could see a thorn hunter, 2 seven-headed hydras, a four-headed hydra, a
swamp dragon (wandering), a spriggan druid, a spiny frog and an insubstantial
wisp.

Vanquished Creatures
  3 thorn hunters
  Kirke (Swamp:1)
  A very ugly thing (Swamp:2)
  Harold (D:11)
  2 hydras
  A ghost crab (Swamp:2)
  13 alligators
  4 two-headed ogres
  Urug (Lair:1)
  A queen ant (Lair:2)
  3 skeletal warriors (D:11)
  6 swamp dragons
  A spriggan druid (Swamp:3)
  A shambling mangrove (Swamp:2)
  2 ugly things
  A black mamba (Lair:5)
  14 spiny frogs
  2 rime drakes
  3 komodo dragons
  A jumping spider (Lair:3)
  7 tyrant leeches
  5 hornets
  3 trolls
  8 bog bodies
  8 blink frogs
  9 slime creatures
  4 hippogriffs
  A wraith (D:11)
  30 yaks
  A vampire (D:11)
  4 wyverns
  2 spriggans
  4 hogs (Swamp:1)
  2 basilisks
  A hungry ghost (D:9)
  Grum (D:11)
  10 vampire mosquitoes
  6 soldier ants (Lair:2)
  18 swamp worms
  7 water moccasins
  6 porcupines
  7 swamp drakes
  4 ice beasts
  An eye of draining (D:9)
  A necrophage (D:7)
  8 orc warriors
  A phantom (D:9)
  2 black bears
  8 ogres
  2 sky beasts
  6 centaurs
  14 wolves
  7 crocodiles
  4 big kobolds
  2 gnoll sergeants (D:9)
  17 bullfrogs
  7 scorpions
  4 killer bees (D:9)
  2 electric eels
  2 howler monkeys
  2 centaur zombies
  8 crimson imps
  8 hounds
  A jelly (D:8)
  A quasit (D:9)
  2 bullfrog zombies
  8 orc priests
  2 bullfrog skeletons
  8 orc wizards
  Jessica (D:3)
  3 iguanas
  Terence (D:3)
  6 hell rats (Lair:2)
  26 worker ants
  A hound skeleton (D:10)
  2 howler monkey zombies
  11 gnolls
  11 adders
  2 shadow imps
  4 oozes
  3 adder skeletons
  10 dart slugs
  7 leopard geckos
  52 orcs
  3 giant cockroaches
  6 goblins
  4 hobgoblins
  16 jackals
  22 kobolds
  10 quokkas
  11 bats
  2 frilled lizards (D:1)
  A jackal skeleton (D:4)
  2 quokka zombies
  8 rats
  4 briar patches
  A butterfly (D:4)
  A fungus (Lair:4)
569 creatures vanquished.

Vanquished Creatures (collateral kills)
  A catoblepas (Lair:4)
  4 hydras
  Sonja (Lair:1)
  A swamp dragon (Swamp:3)
  2 spiny frogs
  A swamp drake (Swamp:3)
10 creatures vanquished.

Vanquished Creatures (others)
  An alligator (Swamp:4)
  2 spriggan druids (Swamp:4)
  A swamp dragon (Swamp:4)
  A swamp drake (Swamp:4)
  A howler monkey (D:6)
  A hound (D:6)
  A worker ant (D:6)
  An adder (D:6)
  2 briar patches (Swamp:4)
  2 fungi
  4 plants
17 creatures vanquished.

Grand Total: 596 creatures vanquished

Notes
Turn   | Place    | Note
-------+----------+-------------------------------------------
     0 | D:1      | poirepourri the Deep Dwarf Fighter began the quest for the Orb.
     0 | D:1      | Reached XP level 1. HP: 20/20 MP: 1/1
   164 | D:1      | Reached XP level 2. HP: 27/27 MP: 2/2
   312 | D:1      | Reached XP level 3. HP: 30/33 MP: 3/3
  1150 | D:2      | Reached XP level 4. HP: 32/40 MP: 4/4
  1429 | D:3      | Reached skill level 5 in Axes
  1506 | D:3      | Noticed Terence
  1522 | D:3      | Killed Terence
  1522 | D:3      | Reached XP level 5. HP: 25/46 MP: 5/5
  1623 | D:3      | Noticed Jessica
  1653 | D:3      | Killed Jessica
  1786 | D:3      | Reached XP level 6. HP: 38/55 MP: 6/6
  2374 | D:4      | Reached XP level 7. HP: 35/61 MP: 6/6
  2378 | D:4      | Found a staircase to the Ecumenical Temple.
  2551 | D:4      | Found a bloodstained altar of Trog.
  2557 | D:4      | Found an ancient bone altar of Kikubaaqudgha.
  2813 | D:5      | Entered Level 5 of the Dungeon
  3002 | D:5      | Got a scorched hand axe
  3004 | D:5      | Identified the +10 hand axe "Arcanum" {vamp, rN+} (You found it on level 5 of the Dungeon)
  3545 | D:5      | Reached skill level 10 in Axes
  3613 | D:6      | Identified a scroll of acquirement
  3804 | D:6      | Reached XP level 8. HP: 68/68 MP: 6/6
  4049 | D:6      | Found a runed door.
  4332 | Temple   | Entered the Ecumenical Temple
  5166 | D:7      | Gained mutation: You passively map the area around you. [Deep Dwarf growth]
  5166 | D:7      | Reached XP level 9. HP: 74/74 MP: 7/7
  5236 | D:7      | Found a glowing silver altar of Zin.
  5862 | D:8      | Found a burning altar of Makhleb.
  5964 | D:8      | Became a worshipper of Makhleb the Destroyer
  6354 | D:9      | Reached skill level 5 in Fighting
  6414 | D:9      | Reached XP level 10. HP: 88/88 MP: 0/8
  6508 | D:9      | Reached * piety under Makhleb
  6560 | D:9      | Found a shadowy altar of Dithmenos.
  6636 | D:9      | Found a staircase to the Orcish Mines.
  6704 | D:9      | Reached ** piety under Makhleb
  6855 | D:9      | Noticed a two-headed ogre
  6858 | D:9      | Noticed a two-headed ogre
  6866 | D:9      | Killed a two-headed ogre
  6876 | D:9      | Killed a two-headed ogre
  6876 | D:9      | Reached skill level 10 in Fighting
  6876 | D:9      | Reached XP level 11. HP: 88/108 MP: 9/9
  6897 | D:9      | Noticed a two-headed ogre
  6908 | D:9      | Killed a two-headed ogre
  6974 | D:9      | Found Ciont's Distillery.
  6977 | D:9      | Bought a potion of heal wounds for 65 gold pieces
  6977 | D:9      | Bought a potion of heal wounds for 65 gold pieces
  6977 | D:9      | Bought a potion of curing for 39 gold pieces
  6977 | D:9      | Bought a potion of curing for 39 gold pieces
  6977 | D:9      | Bought a potion of curing for 39 gold pieces
  7150 | D:9      | Noticed a brown ugly thing
  7165 | D:9      | Killed a brown ugly thing
  7333 | D:10     | Entered Level 10 of the Dungeon
  7391 | D:10     | Got a pair of ichor-stained gloves
  7408 | D:10     | Identified the +2 pair of gloves of the Oligarchy {rN+} (You acquired it on level 10 of the Dungeon)
  7783 | D:10     | Reached *** piety under Makhleb
  8100 | D:11     | Noticed Grum
  8103 | D:11     | Noticed Harold
  8111 | D:11     | Killed Grum
  8119 | D:11     | Killed Harold
  8442 | D:11     | Found a staircase to the Lair.
  8533 | D:11     | Noticed a skeletal warrior
  8534 | D:11     | Noticed a skeletal warrior
  8534 | D:11     | Noticed a green ugly thing
  8540 | D:11     | Noticed a skeletal warrior
  8548 | D:11     | Killed a green ugly thing
  8548 | D:11     | Reached skill level 4 in Shields
  8562 | D:11     | Killed a skeletal warrior
  8562 | D:11     | Reached skill level 5 in Shields
  8581 | D:11     | Killed a skeletal warrior
  8590 | D:11     | Killed a skeletal warrior
  8590 | D:11     | Reached skill level 6 in Shields
  8757 | D:11     | Noticed a two-headed ogre
  8766 | D:11     | Killed a two-headed ogre
  8766 | D:11     | Reached **** piety under Makhleb
  8766 | D:11     | Reached skill level 7 in Shields
  8766 | D:11     | Reached XP level 12. HP: 98/122 MP: 10/10
  8864 | D:11     | Reached skill level 8 in Shields
  8977 | Lair:1   | Entered Level 1 of the Lair of Beasts
  9045 | Lair:1   | Noticed Sonja
  9059 | Lair:1   | Killed Sonja
  9149 | Lair:1   | Noticed Urug
  9175 | Lair:1   | Killed Urug
  9175 | Lair:1   | Reached skill level 9 in Shields
 10009 | Lair:2   | Reached skill level 10 in Shields
 10181 | Lair:2   | Noticed a queen ant
 10199 | Lair:2   | Killed a queen ant
 10226 | Lair:2   | Reached skill level 11 in Shields
 10457 | Lair:2   | Noticed teukkam's ghost (journeyman MiBe)
 10457 | Lair:2   | Noticed an eight-headed hydra
 10460 | Lair:2   | Found a runed gate.
 10463 | Lair:2   | Found a runed gate.
 10463 | Lair:2   | Found a runed gate.
 10595 | Lair:2   | Reached ***** piety under Makhleb
 10851 | Lair:3   | Found a hole to the Spider Nest.
 10855 | Lair:3   | Reached skill level 12 in Shields
 11179 | Lair:3   | Noticed an eight-headed hydra
 11201 | Lair:3   | Killed a 19-headed hydra
 11510 | Lair:3   | Reached skill level 13 in Shields
 11519 | Lair:3   | Reached XP level 13. HP: 129/129 MP: 11/11
 11578 | Lair:4   | Found a dark tunnel.
 11726 | Lair:4   | Found a staircase to the Swamp.
 11997 | Lair:4   | Reached skill level 14 in Shields
 12320 | Lair:5   | Found a staircase to the Slime Pits.
 13065 | Swamp:1  | Entered Level 1 of the Swamp
 13246 | Swamp:1  | Reached skill level 15 in Shields
 13503 | Swamp:1  | Noticed Kirke
 13508 | Swamp:1  | Noticed a sphinx
 13532 | Swamp:1  | Killed Kirke
 13532 | Swamp:1  | Reached skill level 1 in Dodging
 13815 | Swamp:2  | Reached skill level 5 in Armour
 13915 | Swamp:2  | Noticed a green very ugly thing
 13945 | Swamp:2  | Killed a green very ugly thing
 14235 | Swamp:2  | Gained mutation: You resist negative energy. (rN+) [Deep Dwarf growth]
 14235 | Swamp:2  | Reached XP level 14. HP: 138/138 MP: 12/12
 14257 | Swamp:2  | Reached skill level 5 in Dodging
 14407 | Swamp:3  | Noticed a thorn hunter
 14442 | Swamp:3  | Killed a thorn hunter
 14471 | Swamp:3  | Noticed a thorn hunter
 14491 | Swamp:3  | Killed a thorn hunter
 14669 | Swamp:3  | Reached ****** piety under Makhleb
 14907 | Swamp:4  | Entered Level 4 of the Swamp
 15065 | Swamp:4  | Reached skill level 10 in Dodging
 15400 | Swamp:3  | Got a fine large shield
 15507 | Swamp:4  | Noticed a thorn hunter
 15554 | Swamp:4  | Killed a thorn hunter
 15600 | Swamp:4  | Noticed a thorn hunter
 15606 | Swamp:4  | HP: 5/138 [seven-headed hydra (3)]
 15606 | Swamp:4  | Slain by a seven-headed hydra

Skill      XL: |  1  2  3  4  5  6  7  8  9 10 11 12 13 14 |
---------------+-------------------------------------------+-----
Axes           | 3 4 5 7 8 10 12 14 | 14.2
Fighting       | 5 10 12 | 12.2
Shields        | 7 13 15 | 15.5
Armour         | 6 7 |  7.1
Dodging        | 4 11 | 11.9

Action                   |  1- 3 |  4- 6 |  7- 9 | 10-12 | 13-15 || total
-------------------------+-------+-------+-------+-------+-------++-------
Melee: War axe           |   110 |   195 |    55 |       |       ||   360
       Hand axe          |       |       |   298 |   881 |   882 ||  2061
Invok: Lesser Servant of |       |       |       |     4 |    24 ||    28
 Abil: Heal Wounds       |       |     2 |     6 |     1 |    11 ||    20
Evoke: Wand              |       |       |       |       |    11 ||    11
       Sack of spiders   |       |       |       |       |     5 ||     5
  Use: Scroll            |     1 |    11 |    14 |    12 |    15 ||    53
       Potion            |       |     1 |     2 |     1 |    14 ||    18
 Stab: Held in net/web   |       |       |       |     3 |       ||     3
       Distracted        |       |       |       |       |     1 ||     1
       Confused          |       |       |       |       |     2 ||     2
  Eat: Ration            |     1 |     1 |     5 |     6 |     4 ||    17
Armor: Scale mail        |    65 |    69 |    31 |       |       ||   165
       Chain mail        |       |       |   114 |   351 |    75 ||   540
       Swamp dragon scal |       |       |       |       |   350 ||   350
       Skin              |       |       |       |       |     1 ||     1
Dodge: Dodged            |    48 |    52 |    48 |   116 |   575 ||   839
Block: Shield            |    62 |    94 |   152 |   363 |   711 ||  1382
